AoeStats
← The Crusader

African Clearing

505137779Analyzed
4v4 RM · 25d ago on Sep 8, 2026· 38m 25s· 8 players
Game mode
Random Map
Map size
Large (8 player)
Population
200
Speed
Normal
Resources
Standard
Victory
Conquest
Starting age
Dark Age
Ending age
Imperial Age
RankedLock teamsTeams togetherTeam positionsShared explorationLock speedFull tech treeHidden civsTurbo modeCheats
Victory
Defeat
🇺🇸 Goths · United States
1481
+12
🇺🇸 Spanish · United States
1481
+12
🇨🇳 Mongols · China
1384
+16
🇨🇳 Jurchens · China
1356
+17
🇺🇸 Poles · United States
1421
-16
🇨🇳 Malians · China
1402
-15
🇺🇸 Vietnamese · United States
1365
-13
🇺🇸 Mongols · United States
1344
-13
Matter JV
6:12 Loom
14:26 Feudal Age
18:27 Castle Age
18:58 Double-Bit Axe
20:15 Horse Collar
21:57 Fletching
25:01 Bow Saw
30:15 Wheelbarrow
29:26 Town Watch
30:22 Wheelbarrow
29:53 Heavy Plow
32:33 Wheelbarrow
34:08 Bodkin Arrow
35:24 Guard Tower
35:44 Masonry
36:41 Murder Holes
36:59 Masonry
DUDA
6:28 Loom
12:13 Feudal Age
12:59 Double-Bit Axe
15:58 Scale Barding Armor
16:29 Scale Mail Armor
16:42 Forging
18:27 Bloodlines
24:12 Castle Age
22:18 Stone Mining
28:50 Gold Mining
29:31 Ballistics
30:50 Wheelbarrow
32:42 Horse Collar
33:11 Husbandry
34:26 Fletching
35:05 Padded Archer Armor
36:05 Bodkin Arrow
37:30 Hand Cart
TuxedoMask
8:50 Loom
15:17 Feudal Age
16:30 Double-Bit Axe
19:26 Castle Age
20:22 Bow Saw
21:27 Stone Mining
21:51 Horse Collar
25:18 Fletching
27:18 Gold Mining
27:33 Town Watch
29:05 Padded Archer Armor
30:38 Wheelbarrow
30:51 Bodkin Arrow
31:12 Leather Archer Armor
34:10 Ballistics
34:28 Squires
34:34 Thumb Ring
安拉的使者
13:43 Feudal Age
18:08 Castle Age
16:41 Double-Bit Axe
16:49 Gold Mining
16:46 Loom
17:04 Town Watch
18:25 Wheelbarrow
18:18 Horse Collar
19:55 Squires
22:09 Scale Mail Armor
22:19 Forging
30:07 Hand Cart
36:17 Imperial Age
34:02 Husbandry
34:34 Scale Barding Armor
35:05 Iron Casting
36:07 Gold Shaft Mining
35:27 Stone Mining
35:20 Man-at-Arms
35:46 Arson
37:01 Stone Shaft Mining
36:59 Bloodlines
The Crusader
13:18 Feudal Age
18:21 Castle Age
17:32 Double-Bit Axe
23:48 Bow Saw
27:39 Padded Archer Armor
28:51 Husbandry
30:45 Bloodlines
31:02 Leather Archer Armor
31:30 Horse Collar
32:34 Heavy Plow
32:25 Gold Mining
32:55 Loom
33:47 Wheelbarrow
36:05 Imperial Age
35:07 Hand Cart
34:49 Stone Mining
36:08 Elite Conquistador
37:11 Conscription
38:06 Two-Man Saw
38:17 Ring Archer Armor
thegoodjunk
11:13 Loom
13:00 Feudal Age
14:52 Double-Bit Axe
17:43 Castle Age
15:26 Horse Collar
16:07 Scale Mail Armor
16:34 Forging
17:41 Gold Mining
20:44 Chain Mail Armor
30:25 Wheelbarrow
32:34 Squires
32:50 Anarchy
39:52 Imperial Age
肥肥猫
10:51 Loom
13:10 Feudal Age
17:32 Castle Age
15:59 Double-Bit Axe
16:08 Fletching
25:59 Padded Archer Armor
31:40 Bodkin Arrow
32:54 Ballistics
36:06 Gold Mining
39:06 Imperial Age
36:54 Horse Collar
39:04 Wheelbarrow
38:32 Heavy Plow
39:02 Bloodlines
38:53 Husbandry
很蓝的啦
6:58 Loom
12:36 Feudal Age
13:16 Double-Bit Axe
13:19 Town Watch
13:51 Horse Collar
18:07 Wheelbarrow
26:05 Castle Age
24:57 Stone Mining
24:59 Gold Mining
27:38 Bloodlines
27:55 Bow Saw
27:54 Heavy Plow
29:04 Stone Shaft Mining
35:16 Scale Barding Armor
35:21 Forging
35:57 Gold Shaft Mining
36:55 Chain Barding Armor
37:45 Iron Casting
37:05 Treadmill Crane
37:45 Ballistics
38:47 Husbandry
Connection lost

Rejoining the realm…

Still unreachable

The connection could not be restored.

Session expired

The server has moved on; the page needs a fresh start.